Map: Prion Terraces

Players

Rong

  • Race: Protoss Protoss
  • League: Diamond

LilDicky - Winner!

  • Race: Terran Terran
  • League: Diamond

VOD

http://www.twitch.tv/tumescentpie

Description

Time

  • Played on: Dec. 7, 2015, 10:44 p.m.
  • Length: 5:16
Show
View Real Time Build Order
Export as new Build Order

Rong Protoss 

Build Orders:  

Get SALT Encoding   

  12  0:00  Probe (Chrono Boost)  
  13  0:11  Probe (Chrono Boost)  
  14  0:18  Pylon  
  14  0:22  Probe (Chrono Boost)  
  15  0:37  Probe (Chrono Boost)  
  15  0:40  Gateway  
  16  0:47  Probe (Chrono Boost)  
  17  0:50  Assimilator  
  17  0:58  Probe (Chrono Boost)  
  17  1:01  Assimilator  
  18  1:08  Probe (Chrono Boost)  
  19  1:19  Probe (Chrono Boost)  
  20  1:27  Cybernetics Core  
  20  1:29  Probe (Chrono Boost)  
  21  1:40  Probe (Chrono Boost)  
  21  1:41  Pylon  
  22  1:50  Probe (Chrono Boost)  
  23  2:03  Mothership Core (Chrono Boost)  
  23  2:04  Warp Gate (Chrono Boost)  
  23  2:06  Gateway  
  25  2:13  Gateway  
  25  2:24  Gateway  
  25  2:32  Adept  
  27  2:39  Pylon  
  27  2:44  Pylon  
  27  2:53  Pylon  
  26  3:33  Probe  
  27  3:57  Stalker x3  
  27  3:58  Stalker  
  35  4:13  Pylon  
  35  4:14  Pylon  
  35  4:16  Pylon  
  29  4:24  Zealot x4  
  33  4:41  Pylon  
  29  4:49  Zealot  
  29  4:50  Zealot x2  
Show
View Real Time Build Order
Export as new Build Order

LilDicky Terran - Winner!

Build Orders:  

Get SALT Encoding   

  12  0:02  SCV  
  13  0:15  SCV  
  13  0:19  Supply Depot  
  14  0:27  SCV  
  15  0:41  SCV  
  16  0:43  Refinery  
  16  0:47  Barracks  
  16  0:54  SCV  
  17  1:06  SCV  
  18  1:18  SCV  
  19  1:30  SCV  
  20  1:34  Marine  
  20  1:36  Supply Depot  
  21  1:43  Orbital Command  
  21  1:52  Marine  
  22  2:02  Barracks  
  22  2:05  Barracks  
  22  2:13  Factory  
  22  2:16  Barracks Reactor  
  22  2:17  SCV  
  22  2:20  Refinery  
  23  2:31  Supply Depot  
  23  2:34  SCV  
  24  2:46  SCV  
  25  3:00  Marine x2  
  25  3:02  Barracks Tech Lab x2  
  27  3:07  SCV  
  26  3:26  Marine x2  
  28  3:31  Marine  
  28  3:32  Combat Shields, Bunker  
  28  3:33  Widow Mine  
  31  3:41  Supply Depot  
  31  3:42  Supply Depot  
  31  3:44  SCV, Marine x2  
  34  4:02  Widow Mine, Marine x3  
  39  4:20  Marine x3  
  37  4:38  Marine  
  37  4:44  Marine x2  
  33  4:55  Marine  
Tags
 
Add a new tag
Caveats
  • Supply blocks, unpowered buildings, or Contaminate may cause inaccurate times.
  • Supply counts are checked every 10 seconds.